 Dungeon Crawl Stone Soup version 0.27.1-34-g3ba077fa99 (webtiles) character file.

Game seed: 10925225247628987571

256 LLlMATKO the Skirmisher (level 5, -6/48 HPs)
             Began as a Minotaur Berserker on Jan 23, 2022.
             Was a Priest of Trog.
             Mangled by an iguana (13 damage)
             ... on level 3 of the Dungeon.
             The game lasted 00:03:13 (4524 turns).

LLlMATKO the Skirmisher (Minotaur Berserker)        Turns: 4524, Time: 00:03:14

Health: -6/48      AC:  3    Str: 21    XL:     5   Next: 92%
Magic:  4/4        EV: 13    Int:  4    God:    Trog [***...]
Gold:   96         SH:  0    Dex: 11    Spells: 4/4 levels left

rFire    . . .     SeeInvis .   a - +0 hand axe
rCold    . . .     Faith    .   (no shield)
rNeg     . . .     Spirit   .   b - +1 animal skin
rPois    .         Reflect  .   (helmet restricted)
rElec    .         Harm     .   (no cloak)
rCorr    .         Rampage  .   (no gloves)
Will     .....                  (no boots)
Stlth    +.........             (no amulet)
HPRegen  0.16/turn              (no ring)
MPRegen  0.09/turn              (no ring)

@: on berserk cooldown, slowed, very slow
A: horns 2, retaliatory headbutt
a: Renounce Religion, Berserk, Trog's Hand


You were on level 3 of the Dungeon.
You worshipped Trog.
Trog was most pleased with you.
You visited 1 branch of the dungeon, and saw 3 of its levels.

You collected 96 gold pieces.

Inventory:

Hand Weapons
 a - a +0 hand axe (weapon)
Missiles
 c - 116 stones (quivered)
 f - 9 poisoned darts
Armour
 b - a +1 animal skin (worn)
Jewellery
 g - a ring of fire
Scrolls
 e - a scroll of identify
 h - a scroll of vulnerability
Potions
 d - 2 potions of curing {unknown}
 j - a potion of brilliance


   Skills:
 + Level 5.1 Fighting
 + Level 5.1 Axes
 + Level 4.2 Armour
 + Level 3.8 Dodging


You had 4 spell levels left.
You didn't know any spells.
Your spell library was empty.

Dungeon Overview and Level Annotations

Branches:
Dungeon (3/15)

Altars:


Innate Abilities, Weirdness & Mutations

You have a pair of horns on your head.
You reflexively headbutt those who attack you in melee.


Message History

The giant cockroach bites you but does no damage.
Unknown command.
You barely miss the giant cockroach.
The giant cockroach is severely wounded.
The giant cockroach barely misses you. You furiously retaliate!
You headbutt the giant cockroach!
You kill the giant cockroach!
Trog accepts your kill.
You hit the iguana.
The iguana is lightly wounded.
The iguana barely misses you. The iguana closely misses you.
Unknown command.
You hit the iguana. Your headbutt misses the iguana.
The iguana is lightly wounded.
The iguana bites you!
Unknown command.
You barely miss the iguana.
The iguana is lightly wounded.
The iguana barely misses you. You furiously retaliate!
You headbutt the iguana! The iguana bites you!
You are too injured to fight recklessly!
Unknown command.
You are too injured to fight recklessly!
Unknown command.
You are too injured to fight recklessly!
You barely miss the iguana.
The iguana is almost dead.
The iguana bites you.
* * * LOW HITPOINT WARNING * * *
You hit the iguana but do no damage.
The iguana is almost dead.
The iguana bites you.
* * * LOW HITPOINT WARNING * * *
The iguana misses you.
You hit the iguana but do no damage. Your headbutt misses the iguana.
The iguana is severely wounded.
The iguana bites you.
* * * LOW HITPOINT WARNING * * *
The iguana bites you!
You die...

#≈≈≈...# #≈#....#
#≈≈≈...# ..
#≈#≈...####..
≈≈≈≈....#...
#≈..........
#≈.....# ....
#......#.$g..
#####@l††###.#...
......†.).†.......
........##..#..#.#
......!.###......#
#######.##....####
. #.....#...####..
##.....##......
##[.#.###..#
####.....## .


You could see an iguana.

Vanquished Creatures
  Natasha (thrice) (D:2)
  4 gnolls (D:2)
  6 adders
  3 dart slugs
  An orc (D:3)
  3 bats
  9 endoplasms
  5 giant cockroaches
  12 goblins
  6 hobgoblins
  4 jackals (D:1)
  4 quokkas (D:1)
  4 ball pythons
  A frilled lizard (D:1)
  5 kobolds
  9 rats
79 creatures vanquished.

Vanquished Creatures (others)
  An endoplasm (D:2)
1 creature vanquished.

Grand Total: 80 creatures vanquished

Notes
Turn   | Place    | Note
-------+----------+-------------------------------------------
     0 | D:1      | LLlMATKO the Minotaur Berserker began the quest for the
                  | Orb.
     0 | D:1      | Reached XP level 1. HP: 19/19 MP: 0/0
   129 | D:1      | Reached XP level 2. HP: 20/27 MP: 1/1
   648 | D:1      | Found a faded altar of an unknown god.
   698 | D:1      | Reached ** piety under Trog
   825 | D:1      | Reached XP level 3. HP: 33/33 MP: 2/2
  1517 | D:2      | Reached XP level 4. HP: 38/41 MP: 3/3
  1655 | D:2      | HP: 2/61 [gnoll (5)]
  2582 | D:2      | Noticed Natasha
  2588 | D:2      | Killed Natasha
  2589 | D:2      | Reached XP level 5. HP: 33/47 MP: 4/4
  3153 | D:2      | Noticed Natasha
  3164 | D:2      | Killed Natasha
  3649 | D:2      | Noticed Natasha
  3659 | D:2      | Killed Natasha
  4389 | D:3      | Reached skill level 5 in Fighting
  4389 | D:3      | Reached skill level 5 in Axes
  4431 | D:3      | Reached *** piety under Trog
  4524 | D:3      | Mangled by an iguana

Illustrated notes

Levels and vault maps discovered:
D:1:      dpeg_arrival_morbid_curiosity, layout_loops_ring,
          basic_ecumenical_altar, kennysheep_decorative_pillar
D:2:      layout_basic, lemuel_flame_loot_1, uniq_natasha
D:3:      layout_rooms, lightli_sewer_entry_pipes

Skill      XL: |  1  2  3  4  5 |
---------------+----------------+-----
Fighting       | 4 5 |  5.1
Axes           | 4 5 |  5.1
Armour         | 3 4 |  4.2
Dodging        | 3 |  3.8

Action                   |  1- 3 |  4- 6 || total
-------------------------+-------+-------++-------
Melee: Hand axe          |    80 |    96 ||   176
       Headbutt          |    12 |     8 ||    20
Invok: Berserk           |     2 |     4 ||     6
  Use: Scroll            |       |     4 ||     4
 Stab: Sleeping          |       |     1 ||     1
Armor: Animal skin       |     5 |    10 ||    15
Dodge: Dodged            |    61 |    52 ||   113
